 Dungeon Sprint DCSS version 0.17.0-23-g0de4337 (webtiles) character file.

29701 George the Warrior (level 13, -7/130 (134) HPs)
             Began as a Minotaur Fighter on Nov 13, 2015.
             Was the Champion of Makhleb.
             Mangled by a death ooze (8 damage)
             ... in the Dungeon (Sprint V: "Ziggurat Sprint").
             The game lasted 00:22:22 (1488 turns).

George the Warrior (Minotaur Fighter)               Turns: 1488, Time: 00:22:22

HP:   -7/130 (134)  AC: 24    Str: 26    XL:     13   Next: 16%
MP:   23/23         EV:  1    Int:  7    God:    Makhleb [******]
Gold: 6             SH: 33    Dex: 10    Spells: 3 memorised, 4 levels left

rFire  + + +     SeeInvis +     M - +7 Screaming Sword
rCold  + + .     Clarity  .     K - +5 gold dragon armour
rNeg   + + .     SustAt   .     L - +18 shield of the gong {rElec rN+ MR+ EV-5}
rPois  +         Gourm    .     (helmet restricted)
rElec  +         Spirit   .     F - +2 cloak
rCorr  .         Warding  .     (no gloves)
rMut   .         NoTele   +     (no boots)
MR     +++..                    V - amulet "Nuto" {rF+ rN+ Regen+}
Stlth  ..........               Q - ring of Daosid {rC+ MR+ SInv Stlth-}
                                Z - ring of Vamoss {rF+ MR+ AC+2 Int+2 Slay+2}

@: corroded equipment, extremely resistant to hostile enchantments, extremely
unstealthy
A: retaliatory headbutt, horns 2
a: Minor Destruction, Lesser Servant of Makhleb, Major Destruction, Greater
Servant of Makhleb, Renounce Religion


You were in the Dungeon.
You worshipped Makhleb.
Makhleb was exalted by your worship.
You were hungry.

You visited 1 branch You collected 6 gold pieces.

Inventory:

Hand Weapons
 M - the +7 Screaming Sword (weapon)
   (You found it in the Dungeon)
 N - the +0 Sword of Power
   (You found it in the Dungeon)
 O - a +9 double sword of freezing
Armour
 F - a +2 cloak (worn)
 K - a +5 gold dragon armour (worn)
 L - the +18 shield of the gong (worn) {rElec rN+ MR+ EV-5}
   (You found it in the Dungeon)

   It affects your evasion (-5).
   It insulates you from electricity.
   It protects you from negative energy.
   It affects your resistance to hostile enchantments.
Rods
 X - a +2 rod of clouds (11/11)
   (You took it off Nessos in the Dungeon)
Jewellery
 C - the ring of Shaolin {EV+8}
   (You found it in the Dungeon)

   [ring of evasion]

   It affects your evasion (+8).
 P - the ring of the Mage {Wiz MR++ Int+3}
   (You found it in the Dungeon)

   [ring of wizardry]

   It improves your spell success rate.
   It affects your intelligence (+3).
   It affects your resistance to hostile enchantments.
 Q - the ring of Daosid (right hand) {rC+ MR+ SInv Stlth-}
   (You found it in the Dungeon)

   [ring of loudness]

   It protects you from cold.
   It affects your resistance to hostile enchantments.
   It lets you see invisible.
   It makes you less stealthy.
 V - the amulet "Nuto" (around neck) {rF+ rN+ Regen+}
   (You found it in the Dungeon)

   [amulet of regeneration]

   It protects you from fire.
   It protects you from negative energy.
   It increases your rate of regeneration.
 W - the ring of Sexur {*Confuse +Blink +Fly Int+4 Stlth+}
   (You found it in the Dungeon)

   [ring of stealth]

   It affects your intelligence (+4).
   It lets you fly.
   It lets you blink.
   It may confuse you when you take damage.
   It makes you more stealthy.
 Z - the ring of Vamoss (left hand) {rF+ MR+ AC+2 Int+2 Slay+2}
   (You found it in the Dungeon)

   [ring of protection]

   It affects your AC (+2).
   It affects your intelligence (+2).
   It affects your accuracy and damage with ranged weapons and melee attacks
   (+2).
   It protects you from fire.
   It affects your resistance to hostile enchantments.
Wands
 G - a wand of disintegration (7)
 H - a wand of fire (1)
 I - a wand of cold (3)
 J - a wand of draining (2)
 R - a wand of polymorph (16)
Scrolls
 k - 4 scrolls of blinking
 q - 4 scrolls of amnesia
 r - 4 scrolls of recharging
 s - 7 scrolls of fog
 t - 4 scrolls of holy word
 u - 5 scrolls of identify
 v - 5 scrolls of remove curse
 w - 2 scrolls of fear
 E - a scroll of brand weapon
Potions
 d - 6 potions of might
 f - 9 potions of curing
 g - 10 potions of heal wounds
 h - 6 potions of haste
 i - 8 potions of magic
 j - 3 potions of berserk rage
 l - 2 potions of brilliance
 m - 2 potions of invisibility
 n - 4 potions of resistance
 p - 5 potions of agility
Miscellaneous
 y - a disc of storms
 S - a stone of tremors
 T - a fan of gales
 U - a phial of floods
 Y - a plain deck of changes
Comestibles
 c - 4 meat rations
 e - 5 bread rations
 x - 42 fruits
 D - 3 royal jellies


   Skills:
 + Level 18.2 Fighting
 + Level 18.1 Long Blades
 + Level 18.2 Armour
 + Level 18.2 Shields
 + Level 15.5 Invocations


You had 4 spell levels left.
You knew the following spells:

 Your Spells              Type           Power        Failure   Level  Hunger
a - Blink                 Tloc           N/A          100%        2    ###....
b - Spectral Weapon       Hex/Chrm       #.......     100%        3    ####...
c - Regeneration          Chrm/Necr      #.........   100%        3    ####...


Dungeon Overview and Level Annotations

Branches:
Dungeon (1/1)

Altars:
Ashenzari
Cheibriados
Dithmenos
Elyvilon
Fedhas
Gozag
Kikubaaqudgha
Makhleb
Nemelex Xobeh
Okawaru
Qazlal
Ru
Sif Muna
Trog
Vehumet
Xom
Yredelemnul
Zin
The Shining One
Beogh
Jiyva
Lugonu


Innate Abilities, Weirdness & Mutations

You reflexively headbutt those who attack you in melee.
You have a pair of horns on your head.


Message History

The giant orange brain pulsates.
The Screaming Sword makes a twanging sound.
The monsters around you reel from the noise!
Two slime creatures merge to form a very large slime creature.
A demon appears!
You are feeling hungry.
You block the death ooze's attack.
BOUMMMMG!
The death ooze hits you but does no damage.
The acid blob hits you!!
* * * LOW HITPOINT WARNING * * *
You are splashed with acid!
The acid burns!
* * * LOW HITPOINT WARNING * * *
You block the death ooze's attack.
GONNNNG!
You block the death ooze's attack.
GONNNNG!
The death ooze hits you but does no damage.
The death ooze hits you!
You die...

▓.............▓.......=...▓▓
▓.......rG....▓...........▓▓
▓.............▓...........▓▓
▓......G......▓...........▓▓
▓.............▓...........▓▓
▓..▓.......▓..▓..▓.....▓..▓.
▓ ▓▓...GJ▓▓▓.▓†.†........▓.
▓..▓......J▓..▓.†.........▓.
▓........JJ@3.▓▓▓▓▓▓▓▓▓▓▓▓▓)
▓.........J...▓....8©8....▓.
▓▓▓▓▓▓▓▓▓▓▓▓▓▓▓..[.::[....▓)
▓....[)}.)..▓.
▓...........▓▓
▓......)....▓.
▓...........▓.
▓........)).▓.
▓.......))).▓.


You could see an acid blob, a very large slime creature, an eye of devastation,
a giant orange brain, 3 death oozes and a friendly smoke demon.

Vanquished Creatures
  Norris (D)
  Frances (D)
  Wiglaf (D)
  2 stone giants (D)
  Nessos (D)
  A mottled draconian (D)
  A purple draconian (D)
  2 death oozes (D)
  A mummy priest (D)
  A yaktaur captain (D)
  A hydra (D)
  Harold (D)
  2 hell hogs (D)
  2 orc high priests (D)
  Sonja (D)
  2 death scarabs (D)
  2 orc knights (D)
  Pikel (D)
  An orc sorcerer (D)
  6 draconians (D)
  Maurice (D)
  A worldbinder (D)
  An elephant (D)
  3 spiny frogs (D)
  A yaktaur (D)
  A guardian mummy (D)
  5 merfolk (D)
  A boulder beetle (D)
  An ushabti (D)
  3 spriggans (D)
  2 flying skulls (D)
  2 yaks (D)
  A fire elemental (D)
  2 hippogriffs (D)
  A wolf (D)
  A mottled dragon (D)
  A water moccasin (D)
  A hell hound (D)
  A naga (D)
  2 black bears (D)
  A wasp (D)
  4 necrophages (D)
  2 ogres (D)
  3 orc warriors (D)
  2 centaurs (D)
  A giant frog (D)
  A quasit (D)
  2 jellies (D)
  4 mummies (D)
  2 adders (D)
  A river rat (D)
  A shadow imp (D)
  A giant eyeball (D)
  An ooze (D)
  An adder zombie (D)
  An adder skeleton (D)
  14 orcs (D)
  A bat skeleton (D)
  A bat zombie (D)
  2 ball pythons (D)
  2 giant cockroach zombies (D)
  A giant gecko skeleton (D)
  A giant gecko zombie (D)
  A jackal zombie (D)
  A quokka zombie (D)
115 creatures vanquished.

Vanquished Creatures (others)
  An elephant (D)
  A crocodile (D)
  A river rat (D)
3 creatures vanquished.

Grand Total: 118 creatures vanquished

Notes
Turn   | Place    | Note
--------------------------------------------------------------
     0 | D        | George the Minotaur Fighter began the quest for the Orb.
     0 | D        | Reached XP level 1. HP: 19/19 MP: 0/0
    13 | D        | Found a roughly hewn altar of Beogh.
    13 | D        | Found a corrupted altar of Lugonu.
    13 | D        | Found a viscous altar of Jiyva.
    13 | D        | Found a white marble altar of Elyvilon.
    13 | D        | Found a sparkling altar of Nemelex Xobeh.
    13 | D        | Found a burning altar of Makhleb.
    13 | D        | Found an iron altar of Okawaru.
    13 | D        | Found a deep blue altar of Sif Muna.
    13 | D        | Found a radiant altar of Vehumet.
    13 | D        | Found a bloodstained altar of Trog.
    13 | D        | Found a shimmering altar of Xom.
    71 | D        | Reached skill level 5 in Fighting
    71 | D        | Reached skill level 5 in Armour
    71 | D        | Reached skill level 5 in Shields
    71 | D        | Reached XP level 2. HP: 23/29 MP: 0/3
    74 | D        | Became a worshipper of Makhleb the Destroyer
   147 | D        | Entered arena 1.
   147 | D        | Noticed a merfolk
   147 | D        | Noticed a merfolk
   154 | D        | Killed a merfolk
   154 | D        | Reached skill level 7 in Fighting
   154 | D        | Reached skill level 5 in Invocations
   154 | D        | Reached XP level 3. HP: 14/39 MP: 4/6
   154 | D        | Reached XP level 4. HP: 16/47 MP: 4/7
   154 | D        | Reached XP level 5. HP: 17/52 MP: 4/8
   158 | D        | Killed a merfolk
   158 | D        | Reached * piety under Makhleb
   158 | D        | Reached skill level 8 in Fighting
   158 | D        | Reached XP level 6. HP: 19/62 MP: 4/9
   164 | D        | Identified the Guide on Curses (You found it in the Dungeon)
   164 | D        | Identified the Guide on Curses (You found it in the Dungeon)
   372 | D        | Entered arena 2.
   372 | D        | Noticed a worldbinder
   372 | D        | Noticed a quasit
   373 | D        | Noticed a merfolk
   373 | D        | Noticed a manticore
   373 | D        | Noticed a manticore
   376 | D        | Killed a worldbinder
   376 | D        | Reached skill level 9 in Fighting
   376 | D        | Reached XP level 7. HP: 66/71 MP: 9/11
   378 | D        | Killed a quasit
   385 | D        | Got the ring of Daosid {rC+ MR+ SInv Stlth-}
   402 | D        | Entered arena 3.
   402 | D        | Noticed a hell hound
   402 | D        | Noticed a hell hog
   402 | D        | Noticed a hell hog
   402 | D        | Noticed a fire elemental
   405 | D        | Killed a fire elemental
   405 | D        | Reached skill level 10 in Armour
   405 | D        | Reached skill level 10 in Shields
   406 | D        | Killed a hell hound
   406 | D        | Reached ** piety under Makhleb
   406 | D        | Reached skill level 10 in Fighting
   406 | D        | Reached XP level 8. HP: 68/79 MP: 12/12
   411 | D        | Killed a hell hog
   411 | D        | Reached skill level 10 in Long Blades
   411 | D        | Reached skill level 11 in Armour
   417 | D        | Killed a hell hog
   417 | D        | Reached XP level 9. HP: 59/89 MP: 12/15
   731 | D        | Entered arena 4.
   731 | D        | Noticed an orc knight
   731 | D        | Noticed a yaktaur
   731 | D        | Noticed a mottled dragon
   731 | D        | Noticed a yaktaur captain
   737 | D        | Killed a yaktaur captain
   737 | D        | Reached *** piety under Makhleb
   737 | D        | Reached skill level 12 in Fighting
   737 | D        | Reached skill level 10 in Invocations
   747 | D        | Killed an orc knight
   749 | D        | Killed a mottled dragon
   752 | D        | Killed a yaktaur
   752 | D        | Reached **** piety under Makhleb
   813 | D        | Entered arena 5.
   813 | D        | Noticed a naga
   818 | D        | Killed a naga
   819 | D        | Reached ***** piety under Makhleb
   828 | D        | Entered arena 6.
   828 | D        | Noticed a wolf
   828 | D        | Noticed a spriggan rider
   828 | D        | Noticed a spriggan
   828 | D        | Noticed a black bear
   828 | D        | Noticed a black bear
   828 | D        | Noticed a spriggan
   841 | D        | Killed a spriggan
   841 | D        | Reached XP level 10. HP: 84/100 MP: 16/16
   842 | D        | Killed a black bear
   843 | D        | Killed a wolf
   843 | D        | Reached skill level 13 in Armour
   845 | D        | Killed a spriggan
   847 | D        | Killed a black bear
   849 | D        | Killed a spriggan
   852 | D        | Killed a wasp
   916 | D        | Entered arena 7.
   916 | D        | Noticed a death scarab
   922 | D        | Killed a death scarab
   922 | D        | Reached ****** piety under Makhleb
   944 | D        | Entered arena 8.
   944 | D        | Noticed a merfolk
   944 | D        | Noticed a merfolk
   944 | D        | Noticed a centaur
   944 | D        | Noticed a merfolk
   944 | D        | Noticed a hippogriff
   944 | D        | Noticed a hippogriff
   944 | D        | Noticed a centaur
   951 | D        | Killed a hippogriff
   952 | D        | Killed a hippogriff
   960 | D        | Killed a merfolk
   965 | D        | Killed a merfolk
   967 | D        | Killed a merfolk
   968 | D        | Killed a centaur
   970 | D        | Killed a centaur
   987 | D        | Got the amulet "Nuto" {rF+ rN+ Regen+}
   993 | D        | Got the ring of Sexur {*Confuse +Blink +Fly Int+4 Stlth+}
  1001 | D        | Entered arena 9.
  1001 | D        | Noticed a draconian
  1001 | D        | Noticed a draconian
  1001 | D        | Noticed a purple draconian
  1001 | D        | Noticed a draconian
  1001 | D        | Noticed a draconian
  1001 | D        | Noticed a mottled draconian
  1001 | D        | Noticed a draconian
  1001 | D        | Noticed a draconian
  1005 | D        | Identified a +2 rod of shadows (7/12)
  1008 | D        | Killed a draconian
  1008 | D        | Reached skill level 14 in Armour
  1013 | D        | Killed a draconian
  1015 | D        | Killed a draconian
  1019 | D        | Killed a draconian
  1024 | D        | Killed a draconian
  1024 | D        | Reached XP level 11. HP: 109/111 MP: 17/19
  1027 | D        | Killed a draconian
  1029 | D        | Killed a mottled draconian
  1032 | D        | Killed a purple draconian
  1032 | D        | Reached skill level 15 in Armour
  1055 | D        | Got the ring of Vamoss {rF+ MR+ AC+2 Int+2 Slay+2}
  1078 | D        | Entered arena 10.
  1078 | D        | Noticed a necrophage
  1078 | D        | Noticed a necrophage
  1078 | D        | Noticed a necrophage
  1078 | D        | Noticed a necrophage
  1082 | D        | Killed a necrophage
  1082 | D        | Reached skill level 15 in Fighting
  1085 | D        | Killed a necrophage
  1088 | D        | Killed a necrophage
  1088 | D        | Reached skill level 15 in Shields
  1092 | D        | Killed a necrophage
  1113 | D        | Got the ring of Dishonesty {SInv Stlth+}
  1120 | D        | Entered arena 11.
  1120 | D        | Noticed a guardian mummy
  1120 | D        | Noticed an ushabti
  1120 | D        | Noticed a flying skull
  1120 | D        | Noticed a flying skull
  1120 | D        | Noticed a death scarab
  1121 | D        | Noticed a mummy priest
  1125 | D        | Killed a death scarab
  1125 | D        | Reached skill level 15 in Long Blades
  1126 | D        | Killed a flying skull
  1127 | D        | Killed a flying skull
  1130 | D        | Killed an ushabti
  1131 | D        | Killed a guardian mummy
  1135 | D        | Killed a mummy priest
  1135 | D        | Noticed a reaper
  1180 | D        | Entered arena 12.
  1180 | D        | Noticed Nessos
  1180 | D        | Noticed Harold
  1180 | D        | Noticed Frances
  1181 | D        | Noticed Norris
  1181 | D        | Noticed Wiglaf
  1181 | D        | Noticed Pikel
  1182 | D        | Noticed Maurice
  1182 | D        | Noticed Sonja
  1187 | D        | Killed Pikel
  1194 | D        | Killed Maurice
  1195 | D        | Killed Frances
  1196 | D        | Identified a +2 rod of clouds (5/11)
  1210 | D        | Killed Nessos
  1210 | D        | Reached skill level 16 in Fighting
  1211 | D        | Killed Norris
  1211 | D        | Reached XP level 12. HP: 81/124 MP: 21/21
  1214 | D        | Killed Harold
  1225 | D        | Killed Wiglaf
  1283 | D        | Learned a level 2 spell: Blink
  1287 | D        | Learned a level 3 spell: Spectral Weapon
  1290 | D        | Entered arena 13.
  1291 | D        | Noticed an orc high priest
  1291 | D        | Noticed an orc warrior
  1291 | D        | Noticed an orc warrior
  1292 | D        | Noticed an ogre
  1292 | D        | Noticed an ogre
  1298 | D        | Killed an orc warrior
  1299 | D        | Killed an ogre
  1299 | D        | Reached skill level 17 in Fighting
  1301 | D        | Killed an orc warrior
  1307 | D        | Killed an orc high priest
  1308 | D        | Killed an ogre
  1343 | D        | Entered arena 14.
  1344 | D        | Noticed a stone giant
  1344 | D        | Noticed an orc high priest
  1344 | D        | Noticed an orc sorcerer
  1344 | D        | Noticed an orc warrior
  1346 | D        | Noticed a stone giant
  1346 | D        | Noticed an orc knight
  1347 | D        | Killed Sonja
  1349 | D        | Killed an orc warrior
  1352 | D        | Killed an orc sorcerer
  1364 | D        | Killed a stone giant
  1367 | D        | Killed an orc high priest
  1370 | D        | Killed an orc knight
  1378 | D        | Killed a stone giant
  1378 | D        | Reached skill level 15 in Invocations
  1407 | D        | Learned a level 3 spell: Regeneration
  1411 | D        | Entered arena 15.
  1412 | D        | Noticed an elephant
  1412 | D        | Noticed a giant frog
  1412 | D        | Noticed an elephant
  1412 | D        | Noticed a spiny frog
  1412 | D        | Noticed a boulder beetle
  1412 | D        | Noticed a crocodile
  1412 | D        | Noticed a four-headed hydra
  1412 | D        | Killed a crocodile
  1413 | D        | Noticed a spiny frog
  1413 | D        | Noticed a yak
  1413 | D        | Noticed a yak
  1413 | D        | Noticed a water moccasin
  1413 | D        | Noticed a spiny frog
  1418 | D        | Killed a spiny frog
  1420 | D        | Killed a spiny frog
  1421 | D        | Killed a water moccasin
  1422 | D        | Killed a giant frog
  1423 | D        | Killed a yak
  1423 | D        | Killed a yak
  1425 | D        | Killed an elephant
  1426 | D        | Killed a spiny frog
  1426 | D        | Reached XP level 13. HP: 134/134 MP: 23/23
  1428 | D        | Killed a boulder beetle
  1429 | D        | Killed an elephant
  1429 | D        | Reached skill level 18 in Fighting
  1431 | D        | Killed a six-headed hydra
  1468 | D        | Entered arena 16.
  1471 | D        | Noticed a death ooze
  1471 | D        | Noticed a death ooze
  1471 | D        | Noticed a death ooze
  1471 | D        | Noticed a death ooze
  1471 | D        | Noticed a jelly
  1471 | D        | Noticed a jelly
  1472 | D        | Noticed a slime creature
  1472 | D        | Noticed an eye of devastation
  1472 | D        | Noticed an acid blob
  1472 | D        | Noticed a giant orange brain
  1472 | D        | Noticed a death ooze
  1472 | D        | Noticed a slime creature
  1472 | D        | Noticed a slime creature
  1476 | D        | Killed a death ooze
  1482 | D        | Killed a jelly
  1482 | D        | Paralysed by a giant eyeball for 3 turns
  1484 | D        | Killed a jelly
  1485 | D        | Killed a death ooze
  1488 | D        | HP: 1/130 [acid (10)]
  1488 | D        | Mangled by a death ooze

Action                   |  1- 3 |  4- 6 |  7- 9 | 10-12 | 13-15 || total
-------------------------+-------+-------+-------+-------+-------++-------
Melee: Double sword      |     3 |     4 |    46 |   184 |    10 ||   247
Invok: Lesser Servant of |       |       |       |     9 |     3 ||    12
Evoke: Wand              |     2 |     2 |     2 |     3 |       ||     9
  Use: Potion            |     1 |       |       |     1 |       ||     2
       Scroll            |       |       |       |     5 |       ||     5
 Stab: Distracted        |       |       |       |     1 |       ||     1
  Eat: Chunk             |       |       |       |     3 |       ||     3
